 Dungeon Crawl Stone Soup version 0.17-a0-1430-g49fde19 (webtiles) character file.

87 bal the Ruffian (level 4, -6/35 HPs)
             Began as a Draconian Transmuter on June 25, 2015.
             Killed by divine providence
             ... invoked by an orc priest
              (15 damage)
             ... on level 4 of the Dungeon.
             The game lasted 00:07:04 (2150 turns).

bal the Ruffian (Draconian Transmuter)              Turns: 2150, Time: 00:07:04

Health: -6/35      AC:  2    Str: 14    XL:     4   Next: 28%
Magic:  4/7        EV: 20    Int: 13    God:
Gold:   84         SH:  0    Dex: 16    Spells: 3 memorised, 1 level left

rFire  . . .     SeeInvis .       - Unarmed
rCold  . . .     Clarity  .     (armour unavailable)
rNeg   . . .     SustAt   .     (shield currently unavailable)
rPois  x         Gourm    .     (helmet currently unavailable)
rElec  .         Spirit   .     (cloak currently unavailable)
rCorr  .         Warding  .     (gloves currently unavailable)
rMut   .         Stasis   .     (boots currently unavailable)
MR     .....                    (no amulet)
Stlth  ++........               (no ring)
                                (no ring)

@: spider-form (expiring), not resistant to hostile enchantments, unstealthy
A: unfitting armour, (cold-blooded), AC +5
a: End Transformation


You were on level 4 of the Dungeon.
You were not hungry.
You were a venomous arachnid creature.
You visited 1 branch of the dungeon, and saw 4 of its levels.

You collected 84 gold pieces.

Inventory:

Hand weapons
 d - a +0 dagger
 i - a +3 dagger
 q - a +2 dagger of speed (melded)
Jewellery
 g - a +4 ring of protection {unknown}
 k - an uncursed amulet of warding {unknown}
Scrolls
 a - a scroll of identify {unknown}
 e - a scroll of random uselessness {unknown}
 f - a scroll of teleportation
 h - a scroll of enchant armour
 j - a scroll of noise {unknown}
Books
 b - a book of Changes

   Spells                             Type                      Level
   a - Beastly Appendage              Transmutation                1
   b - Sticks to Snakes               Transmutation                2
   c - Spider Form                    Transmutation/Poison         3
   d - Ice Form                       Ice/Transmutation            4
   e - Blade Hands                    Transmutation                5
Comestibles
 c - 3 bread rations


   Skills:
 + Level 1.4 Fighting
 + Level 0.6 Short Blades
 + Level 2.9 Dodging
 + Level 0.2 Stealth
 + Level 3.4 Unarmed Combat
 + Level 2.4 Spellcasting
 + Level 2.4 Transmutations


You had one spell level left.
You knew the following spells:

 Your Spells              Type           Power        Failure   Level  Hunger
a - Beastly Appendage     Trmt           #.....       24%         1    #......
b - Sticks to Snakes      Trmt           #.........   32%         2    ###....
c - Spider Form           Trmt/Pois      #.........   73%         3    ###....


Dungeon Overview and Level Annotations

Branches:
Dungeon (4/15)
 Temple: D:4-7

Altars:
Okawaru


Innate Abilities, Weirdness & Mutations

((Your plain brown scales are hard (AC +5).))
Your body does not fit into most forms of armour.
((You are cold-blooded and may be slowed by cold attacks.))


Message History

Casting: Sticks to Snakes
Confirm with . or Enter, or press ? or * to list all spells.
You turn into a venomous arachnid creature.
Your +2 dagger of speed melds into your body.
The orc completely misses you.
You hit the orc.
The orc is almost dead.
The orc closely misses you.
You bite the orc!
You kill the orc!
The orc wizard mumbles some strange words.
The orc wizard blinks!
You hit the orc wizard but do no damage.
The orc wizard is poisoned.
The orc wizard casts a spell.
The orc wizard blinks!
A worker ant comes into view.
The orc priest calls down the wrath of Beogh upon you.
Something smites you!
You die...

## ####### ... ###
#<....# ..
..#######.##.#
#.#.....#....#
#.#.#.....####
#########.#.#.#.#.#
......§[....#.#.#.#
......oos§....#<#.#
...........######.#
#########....a #.#
####### #.. ..#


You could see a worker ant (sleeping), an orc priest and an orc wizard.

Vanquished Creatures
  2 adders (D:2)
  2 worms (D:2)
  A giant gecko (D:1)
  2 orcs
  2 giant cockroaches (D:1)
  6 hobgoblins
  9 jackals (D:2)
  4 bats
  4 giant newts
  6 goblins
  3 kobolds
  9 rats
50 creatures vanquished.

Vanquished Creatures (collateral kills)
  An adder (D:2)
  A giant cockroach (D:2)
  A hobgoblin (D:2)
  3 jackals (D:2)
  2 kobolds (D:3)
  A bat (D:2)
  A goblin (D:3)
10 creatures vanquished.

Grand Total: 60 creatures vanquished

Notes
Turn   | Place    | Note
--------------------------------------------------------------
     0 | D:1      | bal the Draconian Transmuter began the quest for the Orb.
     0 | D:1      | Reached XP level 1. HP: 16/16 MP: 3/3
   182 | D:1      | Reached XP level 2. HP: 12/23 MP: 5/5
   186 | D:1      | Learned a level 2 spell: Sticks to Snakes
   969 | D:2      | Reached XP level 3. HP: 23/28 MP: 6/6
  1326 | D:2      | Reached XP level 4. HP: 23/35 MP: 2/7
  1711 | D:3      | Learned a level 3 spell: Spider Form
  1859 | D:3      | Found an iron altar of Okawaru.
  2150 | D:4      | Killed from afar by an orc priest

Vault maps used:
D:1:      minmay_arrival_pointy
D:3:      first_bread, kennysheep_cluttered_room, okawaru_gym_becter
D:4:      minmay_temple_entry_overgrown

Action                   |  1- 3 |  4- 6 || total
-------------------------+-------+-------++-------
Melee: Dagger            |   148 |    41 ||   189
       Unarmed           |       |     3 ||     3
 Cast: Sticks to Snakes  |    10 |     2 ||    12
       Beastly Appendage |     4 |     1 ||     5
       Spider Form       |       |     1 ||     1
  Use: Potion            |     3 |       ||     3
       Scroll            |       |     6 ||     6
 Stab: Sleeping          |     1 |       ||     1
  Eat: Chunk             |     2 |     1 ||     3
       Bread ration      |       |     1 ||     1
